 Dungeon Crawl Stone Soup version 0.28-a0-1235-g7c8fac35f0 (webtiles) character file.

Game seed: 1419528938162233165

7 Gargoyl the Skirmisher (level 2, -22/29 HPs)
             Began as a Gnoll Abyssal Knight on Dec 25, 2021.
             Was a Follower of Lugonu.
             Killed from afar by a guardian serpent (25 damage)
             ... with a bolt of poison
             ... on level 1 of the Abyss.
             The game lasted 00:00:07 (108 turns).

Gargoyl the Skirmisher (Gnoll Abyssal Knight)        Turns: 108, Time: 00:00:07

Health: -22/29     AC:  3    Str: 12    XL:     2   Next: 4%
Magic:  5/5        EV: 12    Int:  9    God:    Lugonu [*.....]
Gold:   0          SH:  0    Dex: 12    Spells: 1/1 levels left

rFire   . . .      SeeInvis .   a - +1 hand axe
rCold   . . .      Faith    .   (no shield)
rNeg    . . .      Spirit   .   b - +0 leather armour
rPois   .          Reflect  .   (no helmet)
rElec   .          Harm     .   (no cloak)
rCorr   .          Rampage  .   (no gloves)
Will    .....                   (no boots)
Stlth   +.........              (no amulet)
HPRegen 0.09/turn               (no ring)
MPRegen 0.09/turn               (no ring)

@: lethally poisoned (-22 -> -36), slowed, very slow
A: fangs 1, strong nose, distributed training
a: Renounce Religion, Depart the Abyss


You were on level 1 of the Abyss.
You worshipped Lugonu.
Lugonu was aware of your devotion.
You visited 0 branches of the dungeon, and saw 0 of its levels.
You visited the Abyss 1 time.

Inventory:

Hand Weapons
 a - a +1 hand axe (weapon)
Armour
 b - a +0 leather armour (worn)


   Skills:
 + Level 6.4 Fighting
 + Level 0.2 Short Blades
 + Level 0.2 Long Blades
 + Level 4.4 Axes
 + Level 0.2 Maces & Flails
 + Level 0.2 Polearms
 + Level 0.2 Staves
 + Level 0.2 Slings
 + Level 0.2 Bows
 + Level 0.2 Crossbows
 + Level 0.2 Throwing
 + Level 4.4 Armour
 + Level 2.4 Dodging
 + Level 0.2 Stealth
 + Level 0.2 Shields
 + Level 0.2 Unarmed Combat
 + Level 0.2 Spellcasting
 + Level 0.1 Conjurations
 + Level 0.1 Hexes
 + Level 0.1 Summonings
 + Level 0.1 Necromancy
 + Level 0.1 Translocations
 + Level 0.1 Transmutations
 + Level 0.1 Fire Magic
 + Level 0.1 Ice Magic
 + Level 0.1 Air Magic
 + Level 0.1 Earth Magic
 + Level 0.1 Poison Magic
 + Level 4.4 Invocations
 + Level 0.2 Evocations


You had one spell level left.
You didn't know any spells.
Your spell library was empty.

Dungeon Overview and Level Annotations

Branches:
Dungeon (0/15)

Altars:


Innate Abilities, Weirdness & Mutations

You have very sharp teeth.
Your uncanny sense of smell can sniff out nearby items.
Your experience applies equally to all skills.


Message History

The white imp is moderately wounded.
The white imp gestures at you. The puff of frost hits you.
You closely miss the white imp.
The white imp is moderately wounded.
The white imp gestures at you. The puff of frost hits you!
Unknown command.
You closely miss the white imp. Your bite misses the white imp.
The white imp is moderately wounded.
The white imp closely misses you.
You hit the white imp.
The white imp is heavily wounded.
The white imp gestures at you. The puff of frost hits you.
* * * LOW HITPOINT WARNING * * *
You hit the white imp.
The white imp is almost dead.
The white imp closely misses you.
You hit the white imp.
You kill the white imp!
You have reached level 2!
Unknown command.
Unknown command.
A guardian serpent comes into view.
The guardian serpent shouts!
A large abomination comes into view.
The guardian serpent casts a spell at you.
You feel yourself slow down.
A small abomination comes into view.
The guardian serpent barely misses you. x2
Unknown command.
The guardian serpent casts a spell at you.
You feel as though you will be slow longer.
The guardian serpent casts a spell at you.
You feel as though you will be slow longer.
The guardian serpent coils itself and waves its upper body at you.
The bolt of poison hits you!!
You are lethally poisoned!
Ouch! That really hurt!
You die...

.. ## # .# # ..#.
.#.# #...#.# ...
#.#.....
#.#........
####.#...#...
#.....X....# #
####..S.....##
#.#....@..#.##..#
#..##.##..##. .
#.#..##..#... ##.
.......
#.##..##.... .
#....# ...
#..##...#.. ..#
##..## . .. ##
#####.#


You could see a large abomination and a guardian serpent.

Vanquished Creatures
  A white imp (Abyss:1)
1 creature vanquished.

Notes
Turn   | Place    | Note
-------+----------+-------------------------------------------
     0 | Abyss:1  | Gargoyl the Gnoll Abyssal Knight began the quest for the
                  | Orb.
     0 | Abyss:1  | Reached XP level 1. HP: 23/23 MP: 3/3
    28 | Abyss:1  | Found a corrupted altar of Lugonu.
    38 | Abyss:1  | Found a corrupted altar of Lugonu.
   102 | Abyss:1  | Reached XP level 2. HP: 2/29 MP: 5/5
   103 | Abyss:1  | Noticed a guardian serpent
   104 | Abyss:1  | Noticed a large abomination
   106 | Abyss:1  | Noticed a small abomination
   108 | Abyss:1  | Killed from afar by a guardian serpent

Illustrated notes

Levels and vault maps discovered:
Abyss:1:  base: Temple, base:
Temple

Action                   || total
-------------------------++-------
Melee: Hand axe          ||     8
Armor: Leather armour    ||     1
Dodge: Dodged            ||     5

Table legend: (Time is in decaauts)
 A = Elapsed time spent in this place.
 B = Non-inter-level travel time spent in this place.
 C = Inter-level travel time spent in this place.
 D = Time resting spent in this place.
 E = Time spent auto-exploring this place.
 F = Levels seen in this place.
 G = Mean time per level.
                   A        B        C        D        E       F      G
               +--------+--------+--------+--------+--------+-----+--------+
         Total |    109 |    109 |      0 |      0 |     91 |   1 |  109.0 |
         Abyss |    109 |    109 |      0 |      0 |     91 |   1 |  109.0 |
               +--------+--------+--------+--------+--------+-----+--------+

Top non-repeatable levels by time:
 Abyss:1: 109 daAuts
